 Dungeon Crawl Stone Soup version 0.20-a0-1026-gc3ddcbd (webtiles) character file.

3423 Gorglomux the Fighter (level 10, -8/110 HPs)
             Began as an Ogre Ice Elementalist on Apr 20, 2017.
             Was an Elder of Okawaru.
             Mangled by Gorglomux's ghost (18 damage)
             ... on level 7 of the Dungeon.
             The game lasted 00:23:22 (13459 turns).

Gorglomux the Fighter (Ogre Ice Elementalist)      Turns: 13459, Time: 00:23:23

Health: -8/110     AC:  3    Str: 14    XL:     10   Next: 5%
Magic:  14/14      EV: 13    Int: 16    God:    Okawaru [****..]
Gold:   132        SH:  0    Dex: 12    Spells: 9/13 levels left

rFire    . . .     SeeInvis .   u - +0 giant spiked club
rCold    . . .     Gourm    .   (shield currently unavailable)
rNeg     . . .     Faith    .   a - +0 robe
rPois    .         Spirit   .   (helmet restricted)
rElec    .         Reflect  .   (no cloak)
rCorr    .         Harm     .   (gloves unavailable)
MR       ++...                  (boots unavailable)
Stlth    ++........             (no amulet)
Regen    0.3/turn               n - ring of protection from magic {MR+, !d}
MPRegen  0.2/turn               (no ring)

@: heroism, glowing
A: unfitting armour, tough skin 1
a: Heroism, Renounce Religion


You were on level 7 of the Dungeon.
You worshipped Okawaru.
Okawaru was greatly pleased with you.
You were hungry.

You visited 1 branch of the dungeon, and saw 7 of its levels.

You collected 288 gold pieces.
You spent 156 gold pieces at shops.

Inventory:

Hand Weapons
 f - a +0 whip
   (You found it on level 1 of the Dungeon)
 q - a +0 flail of draining
   (You took it off an orc on level 3 of the Dungeon)
 u - a +0 giant spiked club (weapon)
   (You took it off an ogre on level 3 of the Dungeon)
 y - a +0 giant club
   (You took it off an ogre on level 5 of the Dungeon)
 G - a +2 flail of freezing
   (You took it off a wight on level 6 of the Dungeon)
Armour
 a - a +0 robe (worn)
Jewellery
 n - a ring of protection from magic (left hand) {MR+, !d}
   (You found it on level 1 of the Dungeon)
 E - the amulet of the Air {Inacc +Fly rElec EV+5 RMsl}
   (You found it on level 6 of the Dungeon)

   [amulet of inaccuracy]

   It reduces the accuracy of all your attacks.
   It affects your evasion (+5).
   It insulates you from electricity.
   It lets you fly.
   It protects you from missiles.
Wands
 h - a wand of acid (3/15)
   (You found it on level 7 of the Dungeon)
 C - a wand of digging (18/24)
   (You found it on level 5 of the Dungeon)
Scrolls
 g - 2 scrolls of enchant armour {unknown}
 l - a scroll of enchant weapon {unknown}
 p - a scroll of identify
 s - a scroll of blinking {!r}
 t - 3 scrolls of teleportation {unknown}
 A - a scroll of recharging {unknown}
 B - a scroll of noise {unknown}
 I - a scroll of holy word {unknown}
Potions
 d - 3 potions of magic
 e - 2 potions of agility
 j - 4 potions of brilliance
 r - 2 potions of lignification {unknown}
 v - a potion of cancellation {unknown}
 w - a potion of might
 x - a potion of mutation {unknown}
 z - a potion of invisibility
 F - 2 potions of haste {unknown}
Books
 b - a book of Frost
Comestibles
 c - 4 bread rations {@e1@e1}
 i - 7 fruits
 k - 2 meat rations {@e2@e2}


   Skills:
 + Level 10.0(15.0) Fighting
 * Level 9.3(14.3) Maces & Flails
 - Level 1.7(6.7) Dodging
 - Level 1.4(6.4) Stealth
 - Level 2.4 Spellcasting
   Level 0.8 Conjurations
 - Level 2.6 Ice Magic
 + Level 5.7 Invocations


You had 9 spell levels left.
You knew the following spells:

 Your Spells              Type           Power        Failure   Level  Hunger
a - Freeze                Ice            ##..         7%          1    #......
A - Ozocubu's Armour      Chrm/Ice       #.......     34%         3    ###....


Dungeon Overview and Level Annotations

Branches:
Dungeon (7/15)             Temple (0/1) D:6

Altars:
Ashenzari
Cheibriados
Dithmenos
Elyvilon
Gozag
Hepliaklqana
Okawaru
Sif Muna
Uskayaw
Wu Jian

Shops:
D:5 *

Annotations:
D:4 anet's ghost, amateur DEWz
D:7 Gorglomux's ghost, novice TrEn


Innate Abilities, Weirdness & Mutations

You are too large for most types of armour.
You have tough skin. (AC +1)


Message History

The hippogriff barely misses you. The hippogriff pecks you.
The hippogriff claws you.
You take 2 damage, and have 94/101 hp.
You hit the hippogriff. The hippogriff bites you. The hippogriff pecks you.
The hippogriff claws you.
You take 11 damage, and have 83/101 hp.
You hit the hippogriff. You drain the hippogriff!
The hippogriff bites you but does no damage.
The hippogriff closely misses you. The hippogriff claws you.
You take 2 damage, and have 81/101 hp.
You hit the hippogriff but do no damage.
You drain the hippogriff! The hippogriff bites you. The hippogriff pecks you.
The hippogriff claws you.
You take 13 damage, and have 68/101 hp.
You hit the hippogriff but do no damage.
The hippogriff bites you. The hippogriff pecks you.
The hippogriff barely misses you.
You take 3 damage, and have 65/101 hp.
You barely miss the hippogriff. The hippogriff bites you.
The hippogriff barely misses you. The hippogriff closely misses you.
You take 4 damage, and have 61/101 hp.
You hit the hippogriff. You hit the hippogriff. You drain the hippogriff!
The hippogriff bites you. The hippogriff pecks you.
The hippogriff claws you but does no damage.
You take 4 damage, and have 57/101 hp.
You closely miss the hippogriff. The hippogriff bites you.
The hippogriff pecks you. The hippogriff completely misses you.
You take 6 damage, and have 51/101 hp.
You sock the hippogriff!
You kill the hippogriff!
Okawaru accepts your kill.
Your Fighting skill increases to level 10!
You have reached level 10!
You regained 5 hp, and now have 56/110 hp.
MP restored: 14 You start resting.
All of the chunks of flesh in your inventory have rotted away.
You are feeling hungry.
You regained 52 hp, and now have 108/110 hp.
You open the door.
There is an open door here.
You now have 115 gold pieces (gained 12).
You now have 132 gold pieces (gained 17).
l - a scroll labeled ZAREOCIMIR Health restored: 110
F - 2 glowing sapphire potions (gained 1)
You see here 2 arrows.
Things that are here:
22 arrows; an uncursed shortbow; a flail
Things that are here:
28 stones; a dagger Gorglomux's ghost is nearby!
Gorglomux's ghost is nearby!
Gorglomux's ghost is nearby!
Gorglomux's ghost turns its malevolent gaze towards you.
Gorglomux's ghost casts a spell at you. You resist with almost no effort.
Gorglomux's ghost whispers, "Everlasting silence awaits you..."
You gain the combat prowess of a mighty hero.
You now have 12/14 mp.
Wield which item (- for none, * to show all)? (? for menu, Esc to quit)
u - a +0 giant spiked club (weapon)
You swing at nothing.
You hit Gorglomux's ghost but do no damage.
Gorglomux's ghost casts a spell at you.
You are outlined in light.
Unknown command.
You thump Gorglomux's ghost! Gorglomux's ghost misses you.
You impale Gorglomux's ghost!! Gorglomux's ghost hits you!
You take 11 damage, and have 99/110 hp.
You barely miss Gorglomux's ghost. Gorglomux's ghost hits you!!
You take 23 damage, and have 76/110 hp.
MASSIVE DAMAGE!!
You hit Gorglomux's ghost but do no damage.
Gorglomux's ghost misses you.
Unknown command.
You closely miss Gorglomux's ghost. Gorglomux's ghost hits you!!
You take 23 damage, and have 54/110 hp.
MASSIVE DAMAGE!!
You hit Gorglomux's ghost but do no damage.
Gorglomux's ghost closely misses you.
Unknown command.
You barely miss Gorglomux's ghost. Gorglomux's ghost hits you!!
You take 18 damage, and have 36/110 hp.
Unknown command.
You closely miss Gorglomux's ghost. Gorglomux's ghost closely misses you.
Gorglomux's ghost hits you!
* * * LOW HITPOINT WARNING * * *
You take 11 damage, and have 25/110 hp.
Unknown command.
You barely miss Gorglomux's ghost. Gorglomux's ghost barely misses you.
Unknown command.
You closely miss Gorglomux's ghost. Gorglomux's ghost hits you!
* * * LOW HITPOINT WARNING * * *
You take 15 damage, and have 10/110 hp.
MP restored: 14 Unknown command.
You closely miss Gorglomux's ghost. Gorglomux's ghost hits you!!
You die...

*,,...*#...###...#.####..#
***#..##...#.....#.......#
#...#(#.#.#..(.#####.##
##......#.#.(#.# #.#
*#.......#.(..#.# #.#
*#........(##..#.## #.#
#...≈≈≈....##..#..####.#
#..≈≈≈≈≈...##........#.#
#..≈≈♣≈≈.@.##........#.#
#..≈≈≈≈≈W%.......#.#.#.##*
*...≈≈≈..(♣##....#.#....,,
**$......♣♣ ##...#.###.#**
*♣.....♣* #...#..##.###
♣♣...♣* #............
♣♣.....♣♣ #.......#.###
♣♣.......♣♣ #..#.#....# *
♣...≈≈≈...♣ #..#.##...###


You could see Gorglomux's ghost.

Vanquished Creatures
  Joseph (D:7)
  A hippogriff (D:7)
  A hungry ghost (D:6)
  Duvessa (D:7)
  2 ice beasts
  4 ogres
  A phantom (D:6)
  An orc warrior (D:6)
  2 sky beasts
  3 centaurs
  2 bullfrogs (D:6)
  Dowan (D:7)
  2 scorpions
  A water moccasin skeleton (D:6)
  4 wights (D:6)
  A jelly (D:7)
  3 howler monkeys
  4 crimson imps
  A quasit (D:7)
  A centaur zombie (D:7)
  2 orc priests
  3 hounds (D:6)
  4 worker ants
  3 orc wizards
  3 hound zombies
  2 hound skeletons
  7 gnolls
  8 adders
  A shadow imp (D:7)
  2 adder zombies
  3 oozes
  6 worms
  6 dart slugs
  5 leopard geckos
  20 orcs
  5 giant cockroaches
  6 goblins
  11 hobgoblins
  5 jackals
  2 quokkas
  2 ball pythons
  10 bats
  6 frilled lizards
  A jackal skeleton (D:4)
  12 kobolds
  2 leopard gecko skeletons
  3 quokka skeletons
  12 rats
  2 plants (D:3)
191 creatures vanquished.

Vanquished Creatures (others)
  A plant (D:3)
1 creature vanquished.

Grand Total: 192 creatures vanquished

Notes
Turn   | Place    | Note
-------+----------+-------------------------------------------
     0 | D:1      | Gorglomux the Ogre Ice Elementalist began the quest for the Orb.
     0 | D:1      | Reached XP level 1. HP: 16/16 MP: 3/3
   177 | D:1      | Reached skill level 1 in Fighting
   380 | D:1      | Reached skill level 2 in Fighting
   380 | D:1      | Reached XP level 2. HP: 21/28 MP: 3/5
   585 | D:1      | Reached skill level 3 in Fighting
   734 | D:1      | Reached XP level 3. HP: 35/37 MP: 6/6
  1208 | D:2      | Reached skill level 4 in Fighting
  1506 | D:2      | HP: 6/40 [worm (9)]
  1776 | D:1      | Reached XP level 4. HP: 25/49 MP: 1/7
  1986 | D:2      | Reached skill level 1 in Maces & Flails
  2130 | D:2      | HP: 11/49 [goblin/stone (4)]
  2148 | D:2      | HP: 12/49 [goblin/stone (4)]
  2177 | D:2      | HP: 12/49 [poisoned by a goblin]
  2184 | D:2      | HP: 11/49 [poisoned by a goblin]
  2192 | D:2      | HP: 10/49 [poisoned by a goblin]
  2715 | D:2      | Reached skill level 2 in Maces & Flails
  2715 | D:2      | Reached XP level 5. HP: 45/55 MP: 1/8
  2828 | D:2      | Found an iron altar of Okawaru.
  3217 | D:3      | Found a shattered altar of Ashenzari.
  3232 | D:3      | Reached skill level 5 in Fighting
  3321 | D:3      | Reached skill level 3 in Maces & Flails
  3508 | D:3      | Found a snail-covered altar of Cheibriados.
  3688 | D:2      | Became a worshipper of Warmaster Okawaru
  4131 | D:3      | Found a hazy altar of Hepliaklqana.
  4135 | D:3      | Reached XP level 6. HP: 66/66 MP: 9/9
  4145 | D:3      | Found a deep blue altar of Sif Muna.
  4145 | D:3      | Found an ornate altar of the Wu Jian Council.
  4148 | D:3      | Found a shadowy altar of Dithmenos.
  4793 | D:4      | HP: 13/66 [something/puff of flame (8)]
  4975 | D:3      | HP: 3/66 [ogre/giant spiked club (28)]
  5336 | D:3      | HP: 11/66 [ogre/giant spiked club (24)]
  5657 | D:4      | Noticed anet's ghost (amateur DEWz)
  5657 | D:4      | Reached skill level 4 in Maces & Flails
  5910 | D:3      | Learned a level 3 spell: Ozocubu's Armour
  5991 | D:3      | Reached skill level 6 in Fighting
  5991 | D:3      | Reached XP level 7. HP: 66/75 MP: 7/10
  6801 | D:3      | HP: 17/76 [orc/whip (4)]
  6806 | D:3      | HP: 9/76 [leopard gecko (1)]
  7352 | D:5      | Entered Level 5 of the Dungeon
  7434 | D:5      | Found a hide-covered altar of Uskayaw.
  7493 | D:5      | Found Iliogrupua's General Store.
  7496 | D:5      | Bought a potion of invisibility for 96 gold pieces
  7496 | D:5      | Bought a scroll of remove curse for 36 gold pieces
  7496 | D:5      | Bought a scroll of identify for 24 gold pieces
  7850 | D:5      | Reached skill level 5 in Maces & Flails
  8322 | D:5      | Found an opulent altar of Gozag.
  8605 | D:5      | Reached skill level 7 in Fighting
  8867 | D:6      | HP: 19/78 [bullfrog (1)]
  8872 | D:6      | HP: 16/78 [bullfrog (4)]
  8877 | D:6      | HP: 15/78 [hound (1)]
  8882 | D:6      | HP: 12/78 [hound (3)]
  8884 | D:6      | Reached XP level 8. HP: 13/87 MP: 2/11
  9149 | D:6      | Reached * piety under Okawaru
  9149 | D:6      | Reached skill level 6 in Maces & Flails
  9436 | D:6      | Reached skill level 1 in Invocations
  9857 | D:6      | Reached skill level 8 in Fighting
  9857 | D:6      | Reached skill level 2 in Invocations
 10073 | D:6      | Reached skill level 7 in Maces & Flails
 10183 | D:6      | Reached ** piety under Okawaru
 10470 | D:6      | Reached skill level 3 in Invocations
 10595 | D:6      | Reached XP level 9. HP: 79/97 MP: 12/12
 11025 | D:6      | Found a staircase to the Ecumenical Temple.
 11034 | D:6      | Reached skill level 4 in Invocations
 11172 | D:7      | Noticed Joseph
 11187 | D:7      | HP: 19/97 [Joseph/quarterstaff (7)]
 11188 | D:7      | HP: 9/97 [Joseph/quarterstaff (10)]
 11192 | D:7      | Killed Joseph
 11192 | D:7      | Reached *** piety under Okawaru
 11192 | D:7      | Reached skill level 9 in Fighting
 11192 | D:7      | Reached skill level 8 in Maces & Flails
 11957 | D:7      | Noticed Duvessa
 11962 | D:7      | Noticed Dowan
 12324 | D:7      | Killed Duvessa
 12324 | D:7      | Reached skill level 5 in Invocations
 12339 | D:7      | HP: 21/100 [orc/trident (7)]
 12344 | D:7      | HP: 11/100 [poisoned by Dowan]
 12346 | D:7      | Killed Dowan
 12349 | D:7      | HP: 20/101 [poisoned by Dowan]
 12354 | D:7      | HP: 15/101 [poisoned by Dowan]
 12359 | D:6      | HP: 13/101 [poisoned by Dowan]
 12364 | D:6      | HP: 11/101 [poisoned by Dowan]
 12369 | D:6      | HP: 10/101 [poisoned by Dowan]
 12376 | D:6      | HP: 10/101 [poisoned by Dowan]
 12384 | D:6      | HP: 10/101 [poisoned by Dowan]
 12676 | D:7      | Noticed Gorglomux's ghost (novice TrEn)
 12746 | D:6      | Reached skill level 9 in Maces & Flails
 13010 | D:7      | Reached **** piety under Okawaru
 13160 | D:7      | Found a white marble altar of Elyvilon.
 13198 | D:7      | Reached skill level 10 in Fighting
 13198 | D:7      | Reached XP level 10. HP: 55/110 MP: 14/14
 13456 | D:7      | HP: 25/110 [Gorglomux's ghost (11)]
 13458 | D:7      | HP: 10/110 [Gorglomux's ghost (16)]
 13459 | D:7      | Mangled by Gorglomux's ghost

Vault maps used:
D:1:      zaba_arrival_water
D:2:      nicolae_overflow_hidden_temple
D:3:      cheibrodos_ashenzari_chains, minitemple, first_bread, serial_bayou,
          serial_bayou_lagoon_a, serial_bayou_lake_a, serial_bayou_shore_a,
          serial_bayou_pond_c, grunt_decor_mini_mirrors
D:5:      old_standard_altar, kennysheep_little_box, serial_shops, shop
D:6:      temple_hall
D:7:      basic_altar, elyvilon_altar_3, uniq_joseph, uniq_crazy_yiuf_cottage,
          uniq_duvessa

Skill      XL: |  1  2  3  4  5  6  7  8  9 |
---------------+----------------------------+-----
Fighting       | 2 3 4 5 6 7 8 10 | 10.0
Maces & Flails | 2 3 4 5 7 9 |  9.3
Invocations    | 3 5 |  5.7
Dodging        | |  1.7
Stealth        | |  1.4
Spellcasting   | |  2.4
Conjurations   | |  0.8
Ice Magic      | |  2.6

Action                   |  1- 3 |  4- 6 |  7- 9 | 10-12 || total
-------------------------+-------+-------+-------+-------++-------
Melee: Whip              |    80 |    76 |       |       ||   156
       Unarmed           |     3 |       |       |       ||     3
       Flail             |       |   140 |   302 |       ||   442
       Giant spiked club |       |       |   137 |    12 ||   149
       Giant club        |       |       |    53 |       ||    53
 Cast: Freeze            |    46 |    68 |    32 |       ||   146
       Ozocubu's Armour  |       |     1 |       |       ||     1
Invok: Heroism           |       |       |     2 |     1 ||     3
  Use: Potion            |       |     1 |     5 |       ||     6
       Scroll            |       |       |    10 |       ||    10
 Stab: Sleeping          |     3 |     4 |     3 |       ||    10
       Distracted        |       |       |     1 |       ||     1
  Eat: Chunk             |     3 |     9 |    20 |       ||    32
       Royal jelly       |       |     1 |     3 |       ||     4
       Meat ration       |       |     1 |       |       ||     1
Armor: Robe              |    27 |    75 |    95 |       ||   197
Dodge: Dodged            |    60 |   123 |   350 |     5 ||   538
       Deflected         |       |       |     2 |       ||     2

Vault maps used:
D:1:      zaba_arrival_water
D:2:      nicolae_overflow_hidden_temple
D:3:      cheibrodos_ashenzari_chains, minitemple, first_bread, serial_bayou,
          serial_bayou_lagoon_a, serial_bayou_lake_a, serial_bayou_shore_a,
          serial_bayou_pond_c, grunt_decor_mini_mirrors
D:5:      old_standard_altar, kennysheep_little_box, serial_shops, shop
D:6:      temple_hall
D:7:      basic_altar, elyvilon_altar_3, uniq_joseph, uniq_crazy_yiuf_cottage,
          uniq_duvessa

Table legend:
 A = Turns spent in this place as a percentage of turns spent in the entire game.
 B = Non-inter-level travel turns spent in this place as a percentage of non-inter-level travel turns spent in the entire game.
 C = Inter-level travel turns spent in this place as a percentage of turns spent in this place.
 D = Turns resting spent in this place as a percentage of non-inter-level travel turns spent in this place.
 E = Turns spent auto-exploring this place as a percentage of non-inter-level travel turns spent in this place.
 F = Non-inter-level travel turns spent in this place divided by the number of levels of this place that you've seen.
                   A       B       C       D       E      F
               +-------+-------+-------+-------+-------+----------------------
         Total | 100.0 | 100.0 |   0.6 |   5.0 |   5.8 | 501.7
       Dungeon | 100.0 | 100.0 |   0.6 |   5.0 |   5.8 | 501.7
               +-------+-------+-------+-------+-------+----------------------

Table legend:
 A = Kills in this place as a percentage of kills in entire the game.
 B = Kills by you in this place as a percentage of kills by you in the entire game.
 C = Kills by friends in this place as a percentage of kills by friends in the entire game.
 D = Other kills in this place as a percentage of other kills in the entire game.
 E = Experience gained in this place as a percentage of experience gained in the entire game.
 F = Experience gained in this place divided by the number of levels of this place that you have seen.
                   A       B       C       D       E      F
               +-------+-------+-------+-------+-------+----------------------
         Total | 100.0 | 100.0 |  -nan |  -nan | 100.0 | 698.7
       Dungeon | 100.0 | 100.0 |  -nan |  -nan | 100.0 | 698.7
               +-------+-------+-------+-------+-------+----------------------
